Ash, chaotic male elven Priest ---- |..------------- |.........)..<.| |...---------).| --- ---.--- ---- ----------------.---- |...| -......................---- ---.--- ---------......*.....|---|...| ----------W.---......-|..---.--- -......F>(....fh@........|...||...| .............(.........i......../...-----...---.--..----.----- ------- --------------......----.- --.-- |......|.|.....| -.... |.. --- ---.--.........-- ..... ... |.............| --. ...- |--..........-- -- -.... --............| .... --.............| ....- -..............-- ..... |....--.|.--.....| |..|. |..-- ---------.-- ----- --- --- Ash the Acolyte Experience level: 3 Strength: 10 Dexterity: 12 Constitution: 14 Intelligence: 10 Wisdom: 20 Charisma: 12 Health: 0(26) Energy: 36(36) Def: 3 Gold: 551 Moves: 2346 Dungeon seed: 82kbWf32E5eEzdTZ Game ID: Ash_1615416153 Your Inventory: Coins $ - 551 gold pieces Amulets v - a cursed amulet of strangulation Weapons a - a blessed +1 mace (weapon in hand) Armor e - a +0 robe (being worn) n - a +0 small shield (being worn) Comestibles c - a clove of garlic d - 2 sprigs of wolfsbane Spellbooks f - a spellbook of remove curse g - a spellbook of detect food i - a spellbook of fireball l - a spellbook of restore ability u - a spellbook of cure sickness w - a spellbook of magic missile Potions b - 4 potions of holy water o - a potion of sleeping t - a potion of healing Rings s - a ring of stealth (on left hand) Tools h - a bugle Gems q - a worthless piece of orange glass r - a worthless piece of yellowish brown glass y - a worthless piece of red glass Spells and supernatural/magical abilities: Name Level Category Fail Memory r - remove curse 3 clerical 0% 89% E - detect food 2 divination 14% 89% W - pray for help -- divine ? -- X - turn undead -- divine ? -- Your skills at the end: Fighting Skills Weapon Skills mace [Basic] Spellcasting Skills clerical spells [Basic] Final Attributes: You were piously aligned. You had infravision. You were stealthy. You are dead. Vanquished creatures: a gnomish wizard a giant ant 2 kittens a kobold lord a giant bat an iguana 2 coyotes a hobbit a giant rat 2 cave spiders 2 gnomes a gecko 9 jackals a fox a kobold 3 goblins 2 sewer rats 7 grid bugs 4 lichens a kobold zombie 5 newts 49 creatures vanquished. Voluntary challenges: You had been an atheist until turn 2071. You used a wielded weapon 32 times, starting on turn 435. You read items or engraved 2 times, starting on turn 11. You never genocided any monsters. You never polymorphed an object. You never changed form. You used no wishes. You never split a pudding. You never wrote Elbereth's name. You never violated your personal moral code. Dungeon overview: The Dungeons of Doom: levels 1 to 4 Level 1 a long staircase Level 2 Level 3 some fountains Level 4 stairs to The Gnomish Mines The Gnomish Mines: Level 5 <- You were here stairs to The Dungeons of Doom History has recorded: On T:1 you entered the Dungeons of Doom to retrieve the Amulet of Yendor! On T:615 you reached level 2 of The Dungeons of Doom. On T:782 you advanced to experience level 2. On T:1043 you reached level 3 of The Dungeons of Doom. On T:1547 you reached level 4 of The Dungeons of Doom. On T:1719 you advanced to experience level 3. On T:2049 you reached level 1 of The Gnomish Mines. Score breakdown: Gold: 551 ( 9327 points) Experience: 3 levels ( 7878 points) Exploration: 5 levels ( 10.00%) ( 8571 points) Discoveries: 1 item ( 0.35%) ( 1770 points) Valuables value: (no points given unless you survive) Artifact value: 0 ( 0 points) Variety of kills: 21 monsters ( 5.51%) ( 7043 points) Turncount: 2346 turns ( -236 points) Survival: died (score multiplied by 80%) Total score: 27482 Latest messages: The dwarf just misses! You miss the dwarf. (2x) The dwarf thrusts his broad short sword. The dwarf hits! You miss the dwarf. You displace Qwerty. Qwerty misses the dwarf. The dwarf thrusts his broad short sword at Qwerty. The dwarf misses Qwerty. Qwerty misses the dwarf. (2x) You displace Prt. Qwerty misses the dwarf. The dwarf thrusts his broad short sword at Qwerty. The dwarf misses Qwerty. You hear some noises. Qwerty misses the dwarf. (5x) You have a sad feeling for a moment, then it passes. Qwerty misses the dwarf. (3x) Qwerty misses Elm's ghost. (2x) The dwarf thrusts his broad short sword. The dwarf hits! You die... Final status: Goodbye Ash the Priest, killed by a dwarf... You died in The Gnomish Mines on dungeon level 5 with 27482 points, and 551 pieces of gold, after 2346 moves. You were level 3 with a maximum of 26 hit points when you died.